 Dungeon Crawl Stone Soup version 0.27.1-34-g3ba077fa99 (webtiles) character file.

Game seed: 1283469345126353670

38 Descartes the Grasshopper (level 3, 0/16 HPs)
             Began as a Felid Warper on Jan 21, 2022.
             Was a Plaything of Xom.
             Slain by a gnoll (8 damage)
             ... on level 4 of the Dungeon.
             The game lasted 00:03:26 (3165 turns).

Descartes the Grasshopper (Felid Warper)            Turns: 3165, Time: 00:03:26

Health: 0/16       AC:  1    Str:  8    XL:     3   Next: 25%
Magic:  7/7        EV: 17    Int: 14    God:    Xom [......]
Gold:   132        SH:  0    Dex: 15    Spells: 6/6 levels left
                                        Lives:  0   Deaths: 1

rFire    . . .     SeeInvis +     - Unarmed
rCold    . . .     Faith    .   (shield unavailable)
rNeg     . . .     Spirit   .   (armour unavailable)
rPois    .         Reflect  .   (helmet unavailable)
rElec    .         Harm     .   (cloak unavailable)
rCorr    .         Rampage  .   (gloves unavailable)
Will     .....                  (boots unavailable)
Stlth    +++.......             (no amulet)
HPRegen  0.05/turn              (no ring)
MPRegen  0.10/turn              (no ring)

@: quick
A: very small, claws 1, fangs 3, see invisible, speed 1, shaggy fur 1, stealthy
paws, no weapons or thrown items, no armour, multi-lived
a: Renounce Religion


You were on level 4 of the Dungeon.
You worshipped Xom.
You were a very special plaything of Xom.
You visited 1 branch of the dungeon, and saw 4 of its levels.

You collected 132 gold pieces.

Inventory:

Wands
 h - a wand of iceblast (5)
 j - a wand of mindburst (18)
Scrolls
 a - a scroll of blinking
 d - 3 scrolls of identify {unknown}
 f - 2 scrolls of fog {unknown}
 g - a scroll of teleportation {unknown}
 i - a scroll of fear {unknown}
Potions
 b - a potion of curing {unknown}
 c - a potion of brilliance {unknown}
 e - a potion of berserk rage {unknown}


   Skills:
 - Level 2.0 Fighting
 + Level 3.3 Dodging
 + Level 3.8 Stealth
 + Level 3.4 Unarmed Combat
 - Level 2.0 Spellcasting
 + Level 4.5 Translocations
 + Level 0.0 Evocations


You had 6 spell levels left.
You didn't know any spells.
Your spell library contained the following spells:

 Spells                   Type           Power      Damage    Failure   Level
 Blink                    Tloc           N/A        N/A       5%          2
 Gell's Gravitas          Tloc           7%         N/A       11%         3
 Lesser Beckoning         Tloc           7%         N/A       11%         3
 Teleport Other           Tloc           14%        N/A       11%         3
 Manifold Assault         Tloc           14%        N/A       71%         5


Dungeon Overview and Level Annotations

Branches:
Dungeon (4/15)
 Temple: D:4-7

Altars:
Elyvilon
Xom

Shops:
D:2 (


Innate Abilities, Weirdness & Mutations

You have sharp claws.
You have razor-sharp teeth.
You have supernaturally acute eyesight. (SInv)
You cover ground quickly. (Speed+)
You are covered in fur. (AC +1)
Your paws help you pounce on unaware monsters.
You are incapable of wielding weapons or throwing items.
You cannot wear armour.
You gain extra lives every three experience levels.


Message History

You are too injured to fight recklessly!
You are too injured to fight recklessly!
You are too injured to fight recklessly!
You are too injured to fight recklessly!
You barely miss the gnoll.
The gnoll is almost dead.
The gnoll completely misses you.
You scratch the gnoll but do no damage. You bite the gnoll, but do no damage.
The gnoll is almost dead.
The gnoll hits you with a +0 spear!
Ouch! That really hurt!
You die...
Xom guffaws!
You are now level 3!
Xom thinks this is hilarious!
You rejoin the land of the living...
Xom grants you an implement of some kind.
Something appears before you!
You see here a wand of mindburst (18).
You are now a very special plaything of Xom.
j - a wand of mindburst (18)
You open the door.
Found 25 sling bullets and 22 stones.
There is an open door here.
As you open the door, it creaks loudly!
There are monsters nearby!
The gnoll hits you from afar with a +0 spear!
Ouch! That really hurt!
There is an open door here.
You are too injured to fight recklessly!
You are too injured to fight recklessly!
You are too injured to fight recklessly!
You are too injured to fight recklessly!
You are too injured to fight recklessly!
You are too injured to fight recklessly!
You are too injured to fight recklessly!
You are too injured to fight recklessly!
You are too injured to fight recklessly!
The gnoll hits you with a +0 spear!
Ouch! That really hurt!
You die...

###..######..#.....#
#.........#......#
#.###########...## ##'##
##.## ##(..## #.# ##.....##
####.# #.......## ###.##.###
#.........###........#####.#
+.........'@gg.......)†.....
#......(..###.....##.#####..
##.......## #.#.#.##.#
##.....## #.$.....># ##...##
#####.#### ##+# #.# #.# #)#
#g#


You could see 2 gnolls.

Vanquished Creatures
  3 adders
  A gnoll (D:4)
  A dart slug (D:1)
  An orc (D:3)
  2 bats (D:1)
  4 endoplasms
  6 giant cockroaches
  2 goblins (D:1)
  4 hobgoblins
  3 quokkas
  3 ball pythons
  4 frilled lizards
  4 kobolds
  6 rats
44 creatures vanquished.

Notes
Turn   | Place    | Note
-------+----------+-------------------------------------------
     0 | D:1      | Descartes the Felid Warper began the quest for the Orb.
     0 | D:1      | Reached XP level 1. HP: 9/9 MP: 4/4
   174 | D:1      | Reached skill level 1 in Stealth
   502 | D:1      | Reached XP level 2. HP: 13/13 MP: 6/6
  1218 | D:1      | Found a faded altar of an unknown god.
  1230 | D:1      | Became a worshipper of The Xom-Meister, Xom-o-Rama
  1242 | D:1      | XOM: divination: magic mapping
  1301 | D:2      | Found a white marble altar of Elyvilon.
  1588 | D:2      | Reached XP level 3. HP: 16/16 MP: 7/7
  1592 | D:2      | Found Pafroy's Weapon Emporium.
  1807 | D:2      | XOM: cloud trail
  1966 | D:2      | XOM: scenery: create altars
  2189 | D:2      | XOM: god gift: wand of iceblast (5)
  2350 | D:2      | XOM is BORED!
  2350 | D:2      | XOM: noise
  2651 | D:3      | Reached XP level 4. HP: 18/19 MP: 8/8
  2852 | D:3      | XOM is BORED!
  2852 | D:3      | XOM: stat loss: -3 Str (5/8)
  3091 | D:3      | XOM: god gift: scarf of shadows
  3147 | D:4      | Slain by a gnoll
  3148 | D:4      | Reached XP level 3. HP: -3/16 MP: 7/7
  3149 | D:4      | XOM: god gift: wand of mindburst (18)
  3165 | D:4      | Slain by a gnoll

Illustrated notes

Levels and vault maps discovered:
D:1:      minmay_arrival_arboretum_small, layout_loops_ring,
          hellmonk_ecumenical_altar_prayer_group, item_on_display_a
D:2:      layout_basic, serial_shops, shop, basic_altar
D:3:      layout_loops_ring, serial_glass, glass_columns_c, glass_columns_b
D:4:      layout_loops_corners, minmay_temple_entry_nine_rooms

Skill      XL: |  1  2  3 |
---------------+----------+-----
Stealth        | 1 2 3 |  3.8
Unarmed Combat | 3 |  3.4
Fighting       | |  2.0
Dodging        | |  3.3
Spellcasting   | |  2.0
Translocations | |  4.5

Action                   |  1- 3 |  4- 6 || total
-------------------------+-------+-------++-------
Melee: Unarmed           |   102 |    17 ||   119
       Bite              |     7 |     1 ||     8
       Punch             |     1 |       ||     1
 Stab: Sleeping          |    11 |     5 ||    16
Armor: Skin              |     8 |       ||     8
Dodge: Dodged            |    54 |    11 ||    65
